 Dungeon Crawl Stone Soup version 0.31-a0-1074-g0b22e4e0f1 (webtiles) character file.

Game seed: 44196554304333937

218 IdlyInterested the Ruffian (level 5, -1/37 HPs)
             Began as a Demonspawn Shapeshifter on Dec 7, 2023.
             Slain by a gnoll
             ... wielding a +0 whip
              (3 damage)
             ... on level 4 of the Dungeon.
             The game lasted 00:06:06 (3007 turns).

IdlyInterested the Ruffian (DsSh)                   Turns: 3007, Time: 00:06:07

Health: -1/37      AC:  8    Str: 15    XL:     5   Next: 63%
Magic:  5/5        EV:  7    Int: 11    God:
Gold:   128        SH:  0    Dex: 14    Spells: 4/4 levels left

rFire   . .          .
                       - Unarmed
rCold   . . .        (no shield)
rNeg    + . .        z - +0 chain mail
rPois   .            (helmet currently unavailable)
rElec   .            (cloak currently unavailable)
rCorr   .            (gloves currently unavailable)
SInv    .            (boots currently unavailable)
Will    .....        (no amulet) Stlth
                     q - ring of positive energy
HPRegen 0.26/turn    w - ring of flight
MPRegen 0.09/turn

%: no passive effects
@: beast-form, flying
A: beast (slay +2), foul stench 1, weakness stinger 2
a: Begin Untransformation


You were on level 4 of the Dungeon.
You were a hulking beast.
You visited 1 branch of the dungeon, and saw 4 of its levels.

You collected 128 gold pieces.

Inventory:

Hand Weapons
 f - a +0 short sword
 v - a +0 quarterstaff
Missiles
 g - 51 stones (quivered)
 y - 7 poisoned darts
Armour
 n - a +0 pair of boots
 r - a +0 helmet
 z - a +0 chain mail (worn)
 B - a +0 plate armour
Jewellery
 q - a ring of positive energy (left hand)
 w - a ring of flight (right hand)
Talismans
 c - a beast talisman
 d - a flux talisman
Scrolls
 a - 2 scrolls of enchant armour {unknown}
 e - 3 scrolls of identify {unknown}
 i - 3 scrolls of teleportation
 l - a scroll of fog {unknown}
 m - 2 scrolls of fear {unknown}
 p - a scroll of enchant weapon {unknown}
 s - a scroll of immolation {unknown}
 t - a scroll of poison {unknown}
 u - 2 scrolls of acquirement {unknown}
 x - a scroll of revelation {unknown}
 A - a scroll of butterflies {unknown}
Potions
 b - 2 potions of lignification
 h - a potion of heal wounds {unknown}
 j - a potion of curing {unknown}
 o - a potion of haste {unknown}


   Skills:
 - Level 1.0 Fighting
 + Level 3.0 Dodging
 * Level 4.5 Unarmed Combat
 + Level 3.5 Shapeshifting


You had 4 spell levels left.
You didn't know any spells.
Your spell library was empty.

Dungeon Overview and Level Annotations

Branches:
Dungeon (4/15)
 Temple: D:4-7

Altars:

Annotations:
D:3 2 transporters, Moreman's ghost, amateur TrSh


Innate Abilities, Weirdness & Mutations

You are a hulking beast.
Your limbs bulge with bestial killing power. (Slay +2)
You may rarely emit foul miasma when damaged in melee.
You have a tail ending in a sharp stinger.


Message History

You fly downwards.
There is a stone staircase leading up here.
As you read the scroll labelled URCHIV ZEIROGA, it crumbles to dust.
You feel strangely unstable.
It was a scroll of teleportation.
Your surroundings suddenly seem different. 3 gnolls come into view.
The gnoll shouts! x3
The gnoll completely misses you. The gnoll hits you with a +0 spear.
You punch the gnoll!
The gnoll is heavily wounded.
The gnoll hits you with a +0 whip. The gnoll hits you with a +0 spear.
You hit the gnoll.
The gnoll is heavily wounded.
The gnoll hits you with a +0 whip. The gnoll barely misses you.
The gnoll hits you with a +0 flail.
You hit the gnoll.
The gnoll is almost dead.
The gnoll hits you but does no damage. The gnoll hits you with a +0 spear.
The gnoll hits you but does no damage.
You punch the gnoll!
You kill the gnoll!
The gnoll hits you with a +0 flail!
* * * LOW HITPOINT WARNING * * *
The gnoll barely misses you.
You hit the gnoll.
The gnoll is lightly wounded.
The gnoll hits you but does no damage. The gnoll closely misses you.
You hit the gnoll.
The gnoll is heavily wounded.
The gnoll hits you with a +0 flail.
* * * LOW HITPOINT WARNING * * *
The gnoll hits you but does no damage.
You punch the gnoll!
You kill the gnoll!
The gnoll hits you with a +0 whip.
* * * LOW HITPOINT WARNING * * *
You barely miss the gnoll. You tail-slap the gnoll.
The gnoll is heavily wounded.
The gnoll hits you with a +0 whip.
You die...

#....#
#....#
#....#
#....#
#....#
#....#
#.)..#
#.h).+
#..g.#
#....#
######


You could see a gnoll.

Vanquished Creatures
  A phantom (D:3)
  Terence (D:3)
  3 gnolls
  An adder (D:3)
  A worm (D:2)
  A dart slug (D:2)
  3 orcs (D:3)
  5 endoplasms
  2 giant cockroaches (D:1)
  6 goblins
  13 hobgoblins
  4 jackals (D:2)
  4 quokkas
  5 ball pythons
  5 bats
  7 kobolds
  2 rats (D:1)
64 creatures vanquished.

Notes
Turn   | Place    | Note
-------+----------+-------------------------------------------
     0 | D:1      | IdlyInterested the Demonspawn Shapeshifter began the quest
                  | for the Orb.
     0 | D:1      | Reached XP level 1. HP: 15/15 MP: 1/1
   120 | D:1      | Reached skill level 3 in Unarmed Combat
   120 | D:1      | Gained mutation: You have a small tail. [demonic ancestry]
   120 | D:1      | Reached XP level 2. HP: 14/21 MP: 2/2
   296 | D:1      | HP: 1/21 [quokka (3)]
   631 | D:1      | Gained mutation: You have a tail ending in a sharp stinger.
                  | [demonic ancestry]
   631 | D:1      | Reached XP level 3. HP: 15/26 MP: 3/3
  2084 | D:3      | Noticed a phantom
  2103 | D:3      | Killed a phantom
  2104 | D:3      | Reached skill level 4 in Unarmed Combat
  2104 | D:3      | Gained mutation: You may rarely emit foul miasma when
                  | damaged in melee. [demonic ancestry]
  2104 | D:3      | Reached XP level 4. HP: 18/32 MP: 4/4
  2104 | D:3      | Reached XP level 5. HP: 21/37 MP: 5/5
  2379 | D:3      | Found a transporter.
  2381 | D:3      | Noticed Moreman's ghost (amateur TrSh)
  2382 | D:3      | Found a transporter.
  2382 | D:3      | Noticed an ogre
  2382 | D:3      | Noticed an ogre
  2383 | D:3      | Noticed an ogre
  2432 | D:3      | Noticed Terence
  2450 | D:3      | Killed Terence
  3007 | D:4      | Slain by a gnoll

Illustrated notes

Levels and vault maps discovered:
D:1:      minmay_arrival_open_corners, layout_loops_ring,
          palyth_stone_intersect, minmay_misc_feat_five
D:2:      layout_basic, hex_intersection, minmay_randomly_rotated_circles
D:3:      layout_rooms, serial_bayou, serial_bayou_shore_a,
          serial_bayou_lagoon_b, serial_bayou_pond_d, serial_bayou_lake_a,
          gammafunk_ghost_smash, minmay_fractal_squares_gapless_5, uniq_terence
D:4:      layout_gridville, uniq_eustachio

Skill      XL: |  1  2  3  4  5 |
---------------+----------------+-----
Dodging        | 2 3 |  3.0
Unarmed Combat | 3 4 |  4.5
Shapeshifting  | 3 |  3.5
Fighting       | |  1.0

Action                     |  1- 3 |  4- 6 || total
---------------------------+-------+-------++-------
  Melee: Unarmed           |   133 |    67 ||   200
         Tailslap          |    16 |     8 ||    24
         Punch             |     2 |     1 ||     3
  Throw: Dart              |       |     3 ||     3
    Use: Scroll            |       |     1 ||     1
   Stab: Sleeping          |     1 |       ||     1
 Armour: Animal skin       |    25 |       ||    25
         Leather armour    |    52 |    16 ||    68
         Chain mail        |       |    35 ||    35
  Dodge: Dodged            |    81 |    33 ||   114

Table legend: (Time is in decaauts)
 A = Elapsed time spent in this place.
 B = Non-inter-level travel time spent in this place.
 C = Inter-level travel time spent in this place.
 D = Time resting spent in this place.
 E = Time spent auto-exploring this place.
 F = Levels seen in this place.
 G = Mean time per level.
                   A        B        C        D        E       F      G
               +--------+--------+--------+--------+--------+-----+--------+
         Total |   2992 |   2786 |    206 |    475 |   1715 |   4 |  748.0 |
       Dungeon |   2992 |   2786 |    206 |    475 |   1715 |   4 |  748.0 |
               +--------+--------+--------+--------+--------+-----+--------+

Top non-repeatable levels by time:
     D:2: 1050 daAuts
     D:1: 1021 daAuts
     D:3: 896 daAuts
     D:4: 24 daAuts
